 Dungeon Crawl Stone Soup version 0.25-b1-37-g2669288c55 (webtiles) character file.

Game seed: 2758196920658546936

21 Descartes the Grasshopper (level 2, 0/13 HPs)
             Began as a Felid Warper on June 5, 2020.
             Slain by a hobgoblin
             ... wielding a +0 club
              (4 damage)
             ... on level 1 of the Dungeon.
             The game lasted 00:01:40 (665 turns).

Descartes the Grasshopper (Felid Warper)             Turns: 665, Time: 00:01:41

Health: 0/13       AC:  1    Str:  7    XL:     2   Next: 65%
Magic:  6/6        EV: 18    Int: 14    God:
Gold:   26         SH:  0    Dex: 15    Spells: 1/5 levels left
                                        Lives:  0   Deaths: 0

rFire    x . .     SeeInvis +     - Unarmed
rCold    + . .     Gourm    .   (shield unavailable)
rNeg     . . .     Faith    .   (armour unavailable)
rPois    .         Spirit   .   (helmet unavailable)
rElec    .         Reflect  .   (cloak unavailable)
rCorr    .         Harm     .   (gloves unavailable)
MR       .....                  (boots unavailable)
Stlth    ++........             (no amulet)
HPRegen  0.04/turn              d - ring of ice
MPRegen  0.10/turn              (no ring)

@: quick
A: very small, no armour, no weapons or thrown items, stealth, claws 1, fangs 3,
see invisible, carnivore, speed 1, shaggy fur 1, slow metabolism 1, sharp paws
a: no special abilities


You were on level 1 of the Dungeon.
You were full.

You visited 1 branch of the dungeon, and saw 1 of its levels.

You collected 26 gold pieces.

Inventory:

Jewellery
 d - a ring of ice (left paw)
Scrolls
 b - 2 scrolls of blinking
Potions
 a - a potion of haste {unknown}
 e - a potion of magic {unknown}
Comestibles
 c - a ration


   Skills:
 + Level 2.1 Fighting
 + Level 3.4 Dodging
 * Level 1.8 Stealth
 * Level 2.4 Unarmed Combat
 + Level 2.1 Spellcasting
 + Level 0.0 Charms
 + Level 4.4 Translocations


You had one spell level left.
You knew the following spells:

 Your Spells              Type           Power        Failure   Level  Hunger
a - Blink                 Tloc           N/A          6%          2    ###....
b - Shroud of Golubria    Chrm/Tloc      #.....       14%         2    ###....

Your spell library contained the following spells:

 Spells                   Type           Power        Failure   Level  Hunger
 Gell's Gravitas          Tloc           ##........   12%         3    ###....
 Lesser Beckoning         Tloc           ##........   12%         3    ###....
 Teleport Other           Tloc           ##......     12%         3    ###....
 Passage of Golubria      Tloc           N/A          36%         4    #####..


Dungeon Overview and Level Annotations

Branches:
Dungeon (1/15)

Altars:


Innate Abilities, Weirdness & Mutations

You cannot wear armour.
You are incapable of wielding weapons or throwing items.
Your paws allow you to move quietly. (Stealth)
You have sharp claws.
You have razor-sharp teeth.
You have supernaturally acute eyesight. (SInv)
You are carnivorous and can eat meat at any time.
You cover ground quickly.
You are covered in fur. (AC +1)
You have a slow metabolism.
Your sharp claws are effective at attacking unaware monsters.


Message History

You see here a +0 club.
You see here a whip.
e - a bubbling dark potion A dart slug comes into view.
Found a ration.
A hobgoblin comes into view. It is wielding a +0 club.
Found 14 poisoned darts.
Found a stone staircase leading down.
The hobgoblin shouts!
The dart slug bites you.
Found a scroll labeled IBA JOMI CERRO.
You scratch the hobgoblin but do no damage.
The hobgoblin hits you with a +0 club.
You scratch the dart slug. You claw the dart slug.
The dart slug is almost dead.
The dart slug bites you. The hobgoblin closely misses you.
You scratch the dart slug but do no damage.
The dart slug is almost dead.
The dart slug bites you. The hobgoblin hits you with a +0 club.
You die...

#........#
##..####.# #..#
#.# # #..# #.#
?#
#..####.##.###
#........(.....
##...%.....##.#
####...####
#.@.# #gw.#
#..... #..##.#
#.># .# #..# #
...# ....


You could see a dart slug and a hobgoblin.

Vanquished Creatures
  A dart slug (D:1)
  2 leopard geckos (D:1)
  A ball python (D:1)
  A giant cockroach (D:1)
  4 goblins (D:1)
  A hobgoblin (D:1)
  2 kobolds (D:1)
  A bat (D:1)
  3 rats (D:1)
16 creatures vanquished.

Notes
Turn   | Place    | Note
-------+----------+-------------------------------------------
     0 | D:1      | Descartes the Felid Warper began the quest for the Orb.
     0 | D:1      | Reached XP level 1. HP: 9/9 MP: 4/4
   212 | D:1      | Reached skill level 1 in Stealth
   424 | D:1      | Reached XP level 2. HP: 13/13 MP: 6/6
   640 | D:1      | Learned a level 2 spell: Blink
   643 | D:1      | Learned a level 2 spell: Shroud of Golubria
   665 | D:1      | Slain by a hobgoblin

Illustrated notes

Levels and vault maps discovered:
D:1:      dpeg_arrival_brainrot, layout_loops_ring

Skill      XL: |  1 |
---------------+----+-----
Stealth        | 1 |  1.8
Fighting       | |  2.1
Dodging        | |  3.4
Unarmed Combat | |  2.4
Spellcasting   | |  2.1
Translocations | |  4.4

Action                   || total
-------------------------++-------
Melee: Unarmed           ||    45
       Bite              ||     2
       Punch             ||     1
 Stab: Sleeping          ||     1
  Eat: Chunk             ||     3
Dodge: Dodged            ||    43
